Map: Whispers of Gold

Players

pegusus - Winner!

  • Race: Terran Terran
  • League: Gold
  • Spawn Location: 5:00

WeAreLegion

  • Race: Terran Terran
  • League: Gold
  • Spawn Location: 9:00

VOD

Have the link to the VOD?

Description

Time

  • Played on: Dec. 18, 2024, 12:34 a.m.
  • Length: 8:12
Show
View Real Time Build Order
Export as new Build Order

pegusus Terran - Winner!

Build Orders:  

Get SALT Encoding   

  12  0:00  SCV  
  13  0:12  SCV  
  14  0:20  Supply Depot  
  14  0:26  SCV  
  15  0:41  SCV  
  15  0:42  Barracks  
  16  0:46  Refinery  
  16  0:53  SCV  
  17  1:06  SCV  
  18  1:18  SCV  
  19  1:30  Barracks Tech Lab  
  19  1:32  Supply Depot  
  19  1:38  Orbital Command  
  19  1:43  Refinery  
  19  1:48  Marine  
  20  2:00  Factory  
  20  2:06  Marine  
  21  2:09  SCV  
  22  2:21  SCV  
  23  2:24  Marine  
  24  2:33  SCV  
  25  2:42  Marine  
  26  2:45  SCV  
  26  2:47  Combat Shield  
  26  2:50  Factory Tech Lab  
  27  2:53  Starport  
  27  2:58  SCV  
  27  3:01  Supply Depot  
  28  3:10  Siege Tank  
  31  3:22  Command Center  
  31  3:24  Supply Depot  
  31  3:26  Marine  
  32  3:33  Medivac  
  34  3:44  Marine  
  35  3:51  Siege Tank  
  38  4:16  Starport Tech Lab  
  38  4:24  Fusion Core  
  38  4:28  SCV  
  39  4:40  SCV  
  40  4:53  SCV  
  40  4:54  Engineering Bay  
  41  5:05  SCV  
  39  5:17  SCV  
  40  5:22  Battlecruiser  
  40  5:28  Marine  
  42  5:36  Missile Turret  
  42  5:42  SCV  
  38  5:45  Marine  
  37  5:50  Missile Turret  
  37  5:54  SCV  
  34  6:03  Marine  
  35  6:06  SCV  
  35  6:19  SCV  
  35  6:21  Marine  
  34  6:31  SCV  
  34  6:39  Marine  
  35  6:57  Marine  
  36  7:27  SCV  
  36  7:29  Marine  
  44  7:34  Refinery  
  44  7:39  SCV  
  45  7:47  Marine, Refinery  
  47  7:51  SCV  
  47  8:01  Missile Turret  
  47  8:03  Starport  
  49  8:09  Supply Depot  
Show
View Real Time Build Order
Export as new Build Order

WeAreLegion Terran 

Build Orders: Banshee Rush 

Get SALT Encoding   

  12  0:00  SCV  
  13  0:12  SCV  
  14  0:17  Supply Depot  
  14  0:25  SCV  
  15  0:39  SCV  
  16  0:46  Barracks  
  16  0:51  SCV  
  16  0:52  Refinery  
  16  0:56  Refinery  
  17  1:03  SCV  
  18  1:15  SCV  
  19  1:27  SCV  
  20  1:34  Reaper  
  20  1:39  Orbital Command  
  21  1:49  Factory  
  21  1:53  Supply Depot  
  21  2:05  Marine  
  21  2:08  SCV  
  23  2:20  SCV  
  24  2:26  Barracks Reactor  
  24  2:32  SCV  
  24  2:34  Starport  
  24  2:36  Hellion  
  27  2:38  Supply Depot  
  27  2:44  SCV  
  28  2:56  SCV  
  29  3:01  Supply Depot  
  29  3:03  Marine x2, Factory Tech Lab  
  31  3:08  SCV  
  32  3:20  SCV  
  32  3:22  Starport Tech Lab  
  33  3:33  SCV  
  34  3:34  Marine  
  34  3:36  Banshee  
  34  3:37  Cloaking Field  
  34  3:40  Factory Tech Lab  
  38  3:44  Command Center  
  38  3:45  SCV  
  39  3:50  Supply Depot  
  39  3:57  SCV  
  39  4:01  Engineering Bay  
  40  4:05  Cyclone  
  40  4:06  Marine  
  40  4:07  Marine  
  45  4:17  Supply Depot  
  45  4:24  Marine, Banshee  
  45  4:29  SCV  
  50  4:41  SCV  
  44  5:06  Marine x2  
  34  5:08  Siege Tank  
  26  5:24  Marine x2  
  24  5:32  SCV x2  
  24  5:40  Siege Tank  
  24  5:42  Marine x2  
  29  5:44  SCV  
  30  6:00  Marine x2  
  32  6:18  Marine x2  
  28  6:35  Marine  
  28  6:36  Marine  
  28  6:37  Missile Turret  
  28  6:38  Missile Turret  
  29  6:40  Missile Turret  
  21  6:56  Missile Turret  
  21  7:04  Barracks  
  21  7:05  Marine x2  
  14  7:22  Marine  
  15  7:33  Missile Turret  
  15  7:46  SCV x2  
  18  7:58  SCV x2  
Tags
 
League
GoldGold
Matchup
TvT
Race
Terran
Replay Pack
December
Spawn Locations
Cross Positions
Strategy
Banshee Rush
Add a new tag
Caveats
  • Supply blocks, unpowered buildings, or Contaminate may cause inaccurate times.
  • Supply counts are checked every 10 seconds.